Senators vs Blackdemons
(R1)
Created - 3 novembre 2015 at 19:27
Goals
|
| Senators |
0 |
1 |
3 |
4 |
| Blackdemons |
3 |
1 |
3 |
7 |
|
Shots
|
| Senators |
10 |
7 |
5 |
22 |
| Blackdemons |
12 |
12 |
16 |
40 |
|
1st period
1. Blackdemons , Enver Lisin 10 (Jakub Kindl) at 10:09
2. Blackdemons , Enver Lisin 11 (Patrice Cormier, Zach Boychuk) at 13:37
3. Blackdemons , Wayne Primeau 3 (Richard Park, Eric Wellwood) at 16:14
Penalties :
Calvin de Haan (MJM) for Hooking (Minor) at 2:25, Patrice Cormier (MJM) for Interference (Minor) at 7:59
2nd period
4. Senators , Jaden Schwartz 3 (Nick Bjugstad) at 6:33
5. Blackdemons , Zach Boychuk 12 (Enver Lisin, Patrice Cormier) at 12:03 (PP)
Penalties :
Nick Bjugstad (BIN) for Interference (Minor) at 3:03, Stanislav Chistov (BIN) for Tripping (Minor) at 11:56, Chris Mason (MJM) for Slashing (Double Minor) at 14:11 - Enver Lisin served the penalty
3rd period
6. Blackdemons , Barry Tallackson 10 (Shawn Matthias, Jakub Kindl) at 1:44
7. Blackdemons , Wayne Primeau 4 (Richard Park) at 5:12
8. Senators , Erik Karlsson 3 (Vernon Fiddler, Jonas Gustavsson) at 5:41 (PP)
9. Senators , Stanislav Chistov 5 (Shane Sims, Vernon Fiddler) at 6:58
10. Senators , Vernon Fiddler 7 (Sergei Kostitsyn) at 8:06
11. Blackdemons , Richard Park 3 (Wayne Primeau) at 17:14
Penalties :
Zach Boychuk (MJM) for Tripping (Minor) at 5:30, Michael Haley (MJM) for Hooking (Minor) at 12:28, Enver Lisin (MJM) for Roughing (Minor) at 19:18
Goalie Stats
Jonas Gustavsson (BIN), 33 saves from 40 shots - (0,825), L, 4-7-1, 60:00 minutes
Chris Mason (MJM), 18 saves from 22 shots - (0,818), W, 7-3-1, 60:00 minutes
Players Stats for Senators
Player Name G A P +/- PIM S H SB GA TA FO MP PP MP PK MP
------------------------------------------------------------------------------------
Brett Sterling 0 0 0 -1 0 1 0 0 0 0 0/0 6:19 1:48 0:00
Cody Hodgson 0 0 0 -3 0 0 0 0 0 0 9/13 18:29 5:00 0:26
Erik Karlsson 1 0 1 -2 0 1 0 1 1 2 0/0 27:27 6:05 1:32
Gabriel Bourque 0 0 0 0 0 1 2 0 0 0 0/0 8:21 0:32 0:00
Jack Skille 0 0 0 -3 0 3 3 1 0 0 1/1 16:23 2:45 0:00
Jaden Schwartz 1 0 1 0 0 1 1 0 0 0 0/0 7:48 0:00 0:00
Logan Stephenson 0 0 0 -1 0 0 2 0 0 0 0/0 21:04 4:20 0:34
Mark Olver 0 0 0 -1 0 0 2 0 0 0 1/2 11:16 1:51 0:00
Martin Marincin 0 0 0 0 0 0 0 0 0 2 0/0 11:29 0:23 0:00
Matt Frattin 0 0 0 -1 0 0 0 0 1 0 0/0 10:06 0:27 0:07
Milan Jurcina 0 0 0 -2 0 0 2 2 0 1 0/0 27:27 6:05 1:32
Nick Bjugstad 0 1 1 0 2 1 0 0 0 0 1/2 8:11 0:07 0:00
Nicolas Deslauriers 0 0 0 0 0 1 0 0 0 0 0/0 11:29 0:23 0:00
Sergei Kostitsyn 0 1 1 1 0 3 0 0 0 1 1/3 23:26 4:54 0:26
Shane Sims 0 1 1 -1 0 0 0 0 0 1 0/0 21:04 4:20 0:34
Stanislav Chistov 1 0 1 1 2 2 3 0 1 2 2/2 24:53 5:04 1:33
Steven Goertzen 0 0 0 -3 0 4 5 0 0 2 0/1 18:02 5:02 0:00
Vernon Fiddler 1 2 3 1 0 4 2 0 1 1 17/40 24:38 4:54 1:40
Players Stats for Blackdemons
Player Name G A P +/- PIM S H SB GA TA FO MP PP MP PK MP
------------------------------------------------------------------------------------
Andrew MacDonald 0 0 0 -2 0 2 0 2 0 0 0/0 20:48 0:47 4:06
Barry Tallackson 1 0 1 -1 0 2 2 1 4 0 0/0 15:20 0:37 1:26
Ben Maxwell 0 0 0 0 0 2 1 0 1 0 1/3 9:58 0:00 3:26
Calvin de Haan 0 0 0 1 2 0 0 3 0 0 0/0 16:39 1:19 0:08
Enver Lisin 2 1 3 1 2 7 2 0 0 0 0/1 20:01 1:29 0:00
Eric Wellwood 0 1 1 -1 0 0 1 1 0 0 0/0 15:15 0:37 1:21
Jakub Kindl 0 2 2 2 0 2 4 1 1 1 0/0 21:28 0:47 6:34
Jeffrey Foss 0 0 0 3 0 1 0 0 0 2 0/0 16:43 0:00 0:30
Mathieu Dandenault 0 0 0 0 0 3 3 0 1 0 0/0 9:58 0:00 3:26
Matt Hunwick 0 0 0 -1 0 2 0 0 2 0 0/0 22:40 1:19 6:07
Michael Haley 0 0 0 3 2 0 1 0 0 0 1/1 9:27 0:00 0:00
Patrice Cormier 0 2 2 1 2 1 2 2 0 0 15/32 19:53 1:29 0:00
Richard Park 1 2 3 3 0 4 0 0 0 1 0/0 14:43 0:00 5:51
Scott Timmins 0 0 0 0 0 0 0 0 0 0 0/0 6:12 0:00 0:17
Shawn Matthias 0 1 1 -1 0 0 3 1 0 0 3/7 13:46 0:37 0:00
Steve Oleksy 0 0 0 3 0 0 1 2 1 0 0/0 21:42 0:00 4:11
Wayne Primeau 2 1 3 3 0 5 1 0 0 0 10/14 14:41 0:00 5:49
Zach Boychuk 1 1 2 1 2 9 1 1 2 0 2/6 19:53 1:29 0:00
3 Stars
1 - Wayne Primeau (MJM)
2 - Richard Park (MJM)
3 - Enver Lisin (MJM)
Power Play
Senators - 1 on 6 Attempt(s) - 16,67%
Blackdemons - 1 on 2 Attempt(s) - 50,00%
Penalty Kill
Senators - 1 on 2 Attempt(s) - 50,00%
- Score 0 goal in Penalty Kill
Blackdemons - 5 on 6 Attempt(s) - 83,33%
- Score 0 goal in Penalty Kill
Team Stat
Senators - Hits : 22 - Faceoff Wins : 32 - Blocked Shots : 4 - Penalty Minutes : 4
Blackdemons - Hits : 22 - Faceoff Wins : 32 - Blocked Shots : 14 - Penalty Minutes : 10
Official
Referees : Peel Tim and Ciamaga Chris
Linesman : Derek Nansen and Brad Lazarowich
Game Notes
Brett Sterling is injured at 19:31 of 1st period (Fractured Right Foot)
Finance
Level 1 -- Attendance: 1515 (75,75%) -- Ticket Income 45 450 $
Level 2 -- Attendance: 773 (77,30%) -- Ticket Income 7 730 $
Total Attendance: 2288 (76,27%)
Total Ticket Income: 53 180 $
Other Income: 2 659 $
Total Income: 55 839 $
Senators
5 vs 5 Forward
Center Left Wing Right Wing Time % Phy DF OF
1 Vernon Fiddler Sergei Kostitsyn Stanislav Chistov 38 0 2 3
2 Cody Hodgson Brett Sterling Steven Goertzen 30 0 2 3
3 Mark Olver Gabriel Bourque Jack Skille 20 1 2 2
4 Nick Bjugstad Jaden Schwartz Matt Frattin 12 1 2 2
5 vs 5 Defense
Defense Defense Time % Phy DF OF
1 Milan Jurcina Erik Karlsson 40 1 2 2
2 Logan Stephenson Shane Sims 30 1 2 2
3 Martin Marincin Nicolas Deslauriers 20 1 2 2
4 Milan Jurcina Erik Karlsson 10 1 2 2
PowerPlay Forward
Center Left Wing Right Wing Time % Phy DF OF
1 Vernon Fiddler Sergei Kostitsyn Stanislav Chistov 60 0 2 3
2 Cody Hodgson Brett Sterling Steven Goertzen 40 0 2 3
PowerPlay Defense
Defense Defense Time % Phy DF OF
1 Milan Jurcina Erik Karlsson 60 1 2 2
2 Logan Stephenson Shane Sims 40 1 2 2
Penalty Kill 4 Players Forward
Center Wing Time % Phy DF OF
1 Vernon Fiddler Stanislav Chistov 60 0 3 2
2 Cody Hodgson Sergei Kostitsyn 40 0 3 2
Penalty Kill 4 Players Defense
Defense Defense Time % Phy DF OF
1 Milan Jurcina Erik Karlsson 60 1 2 2
2 Logan Stephenson Shane Sims 40 1 2 2
Penalty Kill - 3 Players Forward
Forward Time % Phy DF OF
1 Vernon Fiddler 60 0 3 2
2 Stanislav Chistov 40 0 3 2
Penalty Kill - 3 Players Defense
Defense Defense Time % Phy DF OF
1 Milan Jurcina Erik Karlsson 60 1 2 2
2 Logan Stephenson Shane Sims 40 1 2 2
4 vs 4 Forward
Center Wing Time % Phy DF OF
1 Vernon Fiddler Stanislav Chistov 60 1 2 2
2 Sergei Kostitsyn Cody Hodgson 40 1 2 2
4 vs 4 Defense
Defense Defense Time % Phy DF OF
1 Milan Jurcina Erik Karlsson 60 1 2 2
2 Logan Stephenson Shane Sims 40 1 2 2
Last Minutes Offensive
Center Left Wing Right Wing Defense Defense
Vernon Fiddler Sergei Kostitsyn Stanislav Chistov Milan Jurcina Erik Karlsson
Last Minutes Defensive
Center Left Wing Right Wing Defense Defense
Vernon Fiddler Sergei Kostitsyn Stanislav Chistov Milan Jurcina Erik Karlsson
Goaltenders
Starting : Jonas Gustavsson
Backup : Alexander Salak
Extra Forwards
Normal : Jack Skille, Mark Olver, Matt Frattin - PP : Jack Skille, Mark Olver - PK : Matt Frattin
Extra Defensemen
Normal : Martin Marincin, Nicolas Deslauriers, Logan Stephenson - PP : Martin Marincin - PK : Nicolas Deslauriers, Logan Stephenson
Penalty Shots
Vernon Fiddler, Stanislav Chistov, Sergei Kostitsyn, Cody Hodgson, Steven Goertzen
Blackdemons
5 vs 5 Forward
Center Left Wing Right Wing Time % Phy DF OF
1 Patrice Cormier Zach Boychuk Enver Lisin 40 1 2 2
2 Shawn Matthias Eric Wellwood Barry Tallackson 30 2 2 1
3 Wayne Primeau Michael Haley Richard Park 20 1 3 1
4 Ben Maxwell Scott Timmins Mathieu Dandenault 10 1 4 0
5 vs 5 Defense
Defense Defense Time % Phy DF OF
1 Andrew MacDonald Matt Hunwick 34 1 3 1
2 Jakub Kindl Calvin de Haan 33 1 3 1
3 Steve Oleksy Jeffrey Foss 33 1 3 1
4 Andrew MacDonald Matt Hunwick 0 1 1 3
PowerPlay Forward
Center Left Wing Right Wing Time % Phy DF OF
1 Patrice Cormier Zach Boychuk Enver Lisin 60 1 0 4
2 Shawn Matthias Eric Wellwood Barry Tallackson 40 3 0 2
PowerPlay Defense
Defense Defense Time % Phy DF OF
1 Matt Hunwick Calvin de Haan 60 1 2 2
2 Jakub Kindl Andrew MacDonald 40 1 2 2
Penalty Kill 4 Players Forward
Center Wing Time % Phy DF OF
1 Wayne Primeau Richard Park 60 1 4 0
2 Ben Maxwell Mathieu Dandenault 40 1 4 0
Penalty Kill 4 Players Defense
Defense Defense Time % Phy DF OF
1 Jakub Kindl Matt Hunwick 60 1 4 0
2 Steve Oleksy Andrew MacDonald 40 1 3 1
Penalty Kill - 3 Players Forward
Forward Time % Phy DF OF
1 Richard Park 60 0 5 0
2 Mathieu Dandenault 40 0 5 0
Penalty Kill - 3 Players Defense
Defense Defense Time % Phy DF OF
1 Jakub Kindl Matt Hunwick 60 1 4 0
2 Steve Oleksy Andrew MacDonald 40 1 4 0
4 vs 4 Forward
Center Wing Time % Phy DF OF
1 Shawn Matthias Enver Lisin 60 1 2 2
2 Wayne Primeau Zach Boychuk 40 0 2 3
4 vs 4 Defense
Defense Defense Time % Phy DF OF
1 Matt Hunwick Calvin de Haan 60 1 3 1
2 Jakub Kindl Andrew MacDonald 40 1 3 1
Last Minutes Offensive
Center Left Wing Right Wing Defense Defense
Wayne Primeau Zach Boychuk Enver Lisin Matt Hunwick Andrew MacDonald
Last Minutes Defensive
Center Left Wing Right Wing Defense Defense
Wayne Primeau Richard Park Mathieu Dandenault Jakub Kindl Matt Hunwick
Goaltenders
Starting : Chris Mason
Backup : Matt Hackett
Extra Forwards
Normal : Michael Haley, Enver Lisin, Zach Boychuk - PP : Michael Haley, Wayne Primeau - PK : Barry Tallackson
Extra Defensemen
Normal : Steve Oleksy, Calvin de Haan, Matt Hunwick - PP : Steve Oleksy - PK : Jeffrey Foss, Calvin de Haan
Penalty Shots
Barry Tallackson, Enver Lisin, Shawn Matthias, Zach Boychuk, Michael Haley
% Time on Ice - Senators
Lines # - Real PCT - Wanted PCT - Time Play
Normal Forward
1 - 39% - 38% - 18:15
2 - 29% - 30% - 13:34
3 - 16% - 20% - 7:29
4 - 17% - 12% - 7:48
Normal Defense
1 - 40% - 40% - 18:51
2 - 34% - 30% - 16:10
3 - 22% - 20% - 10:35
4 - 3% - 10% - 1:30
PP Forward
1 - 46% - 60% - 4:58
2 - 54% - 40% - 5:50
PP Defense
1 - 60% - 60% - 6:28
2 - 40% - 40% - 4:20
PK Forward
1 - 79% - 60% - 1:40
2 - 21% - 40% - 0:26
PK Defense
1 - 73% - 60% - 1:32
2 - 27% - 40% - 0:34
PK3 Forward
1 - 0% - 60%
2 - 0% - 40%
PK3 Defense
1 - 0% - 60%
2 - 0% - 40%
44 Forward
1 - 0% - 60%
2 - 0% - 40%
44 Defense
1 - 0% - 60%
2 - 0% - 40%
Last Minute Offensive - 0:00
Last Minute Defensive - 0:00
Total
Forward - 60:00
Defense - 60:00
|
% Time on Ice - Blackdemons
Lines # - Real PCT - Wanted PCT - Time Play
Normal Forward
1 - 39% - 40% - 18:33
2 - 29% - 30% - 13:46
3 - 19% - 20% - 8:52
4 - 13% - 10% - 5:55
Normal Defense
1 - 33% - 34% - 15:39
2 - 34% - 33% - 15:53
3 - 33% - 33% - 15:34
4 - 0% - 0% - 0:00
PP Forward
1 - 71% - 60% - 1:29
2 - 29% - 40% - 0:37
PP Defense
1 - 63% - 60% - 1:19
2 - 37% - 40% - 0:47
PK Forward
1 - 68% - 60% - 7:22
2 - 32% - 40% - 3:26
PK Defense
1 - 61% - 60% - 6:37
2 - 39% - 40% - 4:11
PK3 Forward
1 - 0% - 60%
2 - 0% - 40%
PK3 Defense
1 - 0% - 60%
2 - 0% - 40%
44 Forward
1 - 0% - 60%
2 - 0% - 40%
44 Defense
1 - 0% - 60%
2 - 0% - 40%
Last Minute Offensive - 0:00
Last Minute Defensive - 0:00
Total
Forward - 60:00
Defense - 60:00
|
Play by Play
1st period
0:01 of 1st period - Vernon Fiddler wins face-off versus Patrice Cormier in neutral zone.
0:04 of 1st period - Andrew MacDonald is hit by Milan Jurcina and loses puck.
0:15 of 1st period - Slapshot by Sergei Kostitsyn.
0:15 of 1st period - Stopped by Chris Mason with a rebound.
0:30 of 1st period - Andrew MacDonald is hit by Steven Goertzen and loses puck.
1:11 of 1st period - Wrist shot by Mathieu Dandenault.
1:11 of 1st period - Shot Misses the Net.
1:13 of 1st period - Slapshot by Matt Hunwick.
1:13 of 1st period - Shot Misses the Net.
1:55 of 1st period - Slapshot by Steven Goertzen.
1:55 of 1st period - Stopped by Chris Mason with a rebound.
1:57 of 1st period - Wrist shot by Steven Goertzen.
1:57 of 1st period - Stopped by Chris Mason with a rebound.
1:59 of 1st period - Snap shot by Cody Hodgson.
1:59 of 1st period - Shot Misses the Net.
2:19 of 1st period - Snap shot by Mark Olver.
2:19 of 1st period - Shot Misses the Net.
2:25 of 1st period - Minor Penalty to Calvin de Haan for Hooking.
2:26 of 1st period - Vernon Fiddler wins face-off versus Wayne Primeau in Blackdemons zone.
2:35 of 1st period - Snap shot by Stanislav Chistov.
2:35 of 1st period - Shot Misses the Net.
2:51 of 1st period - Cody Hodgson is hit by Mathieu Dandenault and loses puck.
3:01 of 1st period - Off-side.
3:02 of 1st period - Wayne Primeau wins face-off versus Sergei Kostitsyn in neutral zone.
3:17 of 1st period - Off-side.
3:18 of 1st period - Cody Hodgson wins face-off versus Ben Maxwell in neutral zone.
4:25 of 1st period - Penalty to Calvin de Haan is over, Calvin de Haan is back on ice.
4:41 of 1st period - Andrew MacDonald is hit by Mark Olver and loses puck.
5:13 of 1st period - Snap shot by Mathieu Dandenault.
5:13 of 1st period - Shot Misses the Net.
5:15 of 1st period - Backhand shot by Andrew MacDonald.
5:15 of 1st period - Stopped by Jonas Gustavsson without a rebound.
5:16 of 1st period - Ben Maxwell wins face-off versus Cody Hodgson in Senators zone.
5:19 of 1st period - Snap shot by Ben Maxwell.
5:19 of 1st period - Stopped by Jonas Gustavsson with a rebound.
5:21 of 1st period - Snap shot by Mathieu Dandenault.
5:21 of 1st period - Stopped by Jonas Gustavsson without a rebound.
5:22 of 1st period - Cody Hodgson wins face-off versus Patrice Cormier in Senators zone.
5:44 of 1st period - Icing by Enver Lisin.
5:45 of 1st period - Vernon Fiddler wins face-off versus Patrice Cormier in Blackdemons zone.
5:58 of 1st period - Slapshot by Enver Lisin.
5:58 of 1st period - Stopped by Jonas Gustavsson with a rebound.
6:20 of 1st period - Slapshot by Enver Lisin.
6:20 of 1st period - Shot Misses the Net.
6:55 of 1st period - Snap shot by Wayne Primeau.
6:55 of 1st period - Stopped by Jonas Gustavsson without a rebound.
6:56 of 1st period - Wayne Primeau wins face-off versus Vernon Fiddler in Senators zone.
7:23 of 1st period - Wrist shot by Ben Maxwell.
7:23 of 1st period - Stopped by Jonas Gustavsson with a rebound.
7:29 of 1st period - Snap shot by Vernon Fiddler.
7:29 of 1st period - Stopped by Chris Mason without a rebound.
7:30 of 1st period - Cody Hodgson wins face-off versus Shawn Matthias in Blackdemons zone.
7:43 of 1st period - Backhand shot by Andrew MacDonald.
7:43 of 1st period - Stopped by Jonas Gustavsson without a rebound.
7:44 of 1st period - Vernon Fiddler wins face-off versus Patrice Cormier in Senators zone.
7:52 of 1st period - Icing by Steve Oleksy.
7:53 of 1st period - Vernon Fiddler wins face-off versus Patrice Cormier in Blackdemons zone.
7:59 of 1st period - Minor Penalty to Patrice Cormier for Interference.
8:00 of 1st period - Wayne Primeau wins face-off versus Vernon Fiddler in Blackdemons zone.
8:26 of 1st period - Ben Maxwell is hit by Milan Jurcina and loses puck.
9:40 of 1st period - Richard Park is hit by Stanislav Chistov and loses puck.
9:59 of 1st period - Penalty to Patrice Cormier is over, Patrice Cormier is back on ice.
10:09 of 1st period - Snap shot by Enver Lisin.
10:09 of 1st period - Goal by Enver Lisin - Senators : 0 - Blackdemons : 1.
10:10 of 1st period - Zach Boychuk wins face-off versus Vernon Fiddler in neutral zone.
10:13 of 1st period - Erik Karlsson is hit by Enver Lisin and loses puck.
10:20 of 1st period - Snap shot by Vernon Fiddler.
10:20 of 1st period - Shot Misses the Net.
10:22 of 1st period - Wrist shot by Vernon Fiddler.
10:22 of 1st period - Shot Misses the Net.
10:24 of 1st period - Snap shot by Stanislav Chistov.
10:24 of 1st period - Shot Misses the Net.
10:36 of 1st period - Steven Goertzen is hit by Steve Oleksy.
10:44 of 1st period - Slapshot by Steven Goertzen.
10:44 of 1st period - Shot Blocked by Steve Oleksy.
10:58 of 1st period - Wayne Primeau is hit by Jaden Schwartz and loses puck.
11:12 of 1st period - Matt Frattin is hit by Michael Haley and loses puck.
11:32 of 1st period - Snap shot by Sergei Kostitsyn.
11:32 of 1st period - Stopped by Chris Mason without a rebound.
11:33 of 1st period - Cody Hodgson wins face-off versus Shawn Matthias in Blackdemons zone.
11:42 of 1st period - Snap shot by Brett Sterling.
11:42 of 1st period - Deflect By Cody Hodgson.
11:42 of 1st period - Shot Blocked by Calvin de Haan.
11:42 of 1st period - Puck is out of play.
11:43 of 1st period - Cody Hodgson wins face-off versus Shawn Matthias in Blackdemons zone.
11:46 of 1st period - Wrist shot by Cody Hodgson.
11:46 of 1st period - Shot Misses the Net.
11:48 of 1st period - Slapshot by Erik Karlsson.
11:48 of 1st period - Shot Misses the Net.
11:52 of 1st period - Wrist shot by Steven Goertzen.
11:52 of 1st period - Deflect By Andrew MacDonald.
11:52 of 1st period - Stopped by Chris Mason with a rebound.
11:56 of 1st period - Snap shot by Brett Sterling.
11:56 of 1st period - Stopped by Chris Mason without a rebound.
11:57 of 1st period - Patrice Cormier wins face-off versus Vernon Fiddler in Blackdemons zone.
12:06 of 1st period - Snap shot by Stanislav Chistov.
12:06 of 1st period - Shot Blocked by Andrew MacDonald.
12:08 of 1st period - Wrist shot by Vernon Fiddler.
12:08 of 1st period - Shot Misses the Net.
12:10 of 1st period - Slapshot by Erik Karlsson.
12:10 of 1st period - Shot Hit the Post.
12:12 of 1st period - Snap shot by Vernon Fiddler.
12:12 of 1st period - Shot Misses the Net.
12:22 of 1st period - Eric Wellwood is hit by Steven Goertzen and loses puck.
13:35 of 1st period - Snap shot by Zach Boychuk.
13:35 of 1st period - Stopped by Jonas Gustavsson with a rebound.
13:37 of 1st period - Wrist shot by Patrice Cormier.
13:37 of 1st period - Deflect By Enver Lisin.
13:37 of 1st period - Goal by Enver Lisin - Senators : 0 - Blackdemons : 2.
13:38 of 1st period - Patrice Cormier wins face-off versus Vernon Fiddler in neutral zone.
14:03 of 1st period - Barry Tallackson is hit by Steven Goertzen and loses puck.
14:20 of 1st period - Wrist shot by Jack Skille.
14:20 of 1st period - Stopped by Chris Mason without a rebound.
14:21 of 1st period - Mark Olver wins face-off versus Wayne Primeau in Blackdemons zone.
14:28 of 1st period - Wrist shot by Jack Skille.
14:28 of 1st period - Stopped by Chris Mason without a rebound.
14:29 of 1st period - Stanislav Chistov wins face-off versus Patrice Cormier in Blackdemons zone.
14:40 of 1st period - Zach Boychuk is hit by Logan Stephenson.
14:44 of 1st period - Snap shot by Vernon Fiddler.
14:44 of 1st period - Stopped by Chris Mason with a rebound.
15:02 of 1st period - Shawn Matthias is hit by Steven Goertzen and loses puck.
15:09 of 1st period - Steven Goertzen is hit by Barry Tallackson and loses puck.
15:25 of 1st period - Off-side.
15:26 of 1st period - Patrice Cormier wins face-off versus Vernon Fiddler in neutral zone.
16:14 of 1st period - Wrist shot by Wayne Primeau.
16:14 of 1st period - Goal by Wayne Primeau - Senators : 0 - Blackdemons : 3.
16:15 of 1st period - Patrice Cormier wins face-off versus Vernon Fiddler in neutral zone.
16:31 of 1st period - Slapshot by Zach Boychuk.
16:31 of 1st period - Stopped by Jonas Gustavsson with a rebound.
16:41 of 1st period - Erik Karlsson is hit by Barry Tallackson and loses puck.
17:40 of 1st period - Zach Boychuk is hit by Logan Stephenson and loses puck.
18:25 of 1st period - Snap shot by Richard Park.
18:25 of 1st period - Shot Misses the Net.
18:33 of 1st period - Wayne Primeau is hit by Gabriel Bourque and loses puck.
19:30 of 1st period - Brett Sterling is hit by Shawn Matthias and loses puck.
19:31 of 1st period - Brett Sterling from Senators is injured at 19:31 of 1st period (Fractured Right Foot).
19:32 of 1st period - Vernon Fiddler wins face-off versus Zach Boychuk in Senators zone.
19:32 of 1st period - Vernon Fiddler is hit by Zach Boychuk.
19:37 of 1st period - Off-side.
19:38 of 1st period - Vernon Fiddler wins face-off versus Patrice Cormier in neutral zone.
Goals for this period are 0 for Senators vs 3 for Blackdemons.
Shots for this period are 10 for Senators vs 12 for Blackdemons.
2nd period
0:01 of 2nd period - Vernon Fiddler wins face-off versus Patrice Cormier in neutral zone.
0:26 of 2nd period - Erik Karlsson is hit by Shawn Matthias and loses puck.
0:35 of 2nd period - Wrist shot by Cody Hodgson.
0:35 of 2nd period - Shot Blocked by Barry Tallackson.
1:53 of 2nd period - Wrist shot by Matt Frattin.
1:53 of 2nd period - Shot Blocked by Eric Wellwood.
1:55 of 2nd period - Snap shot by Nick Bjugstad.
1:55 of 2nd period - Stopped by Chris Mason with a rebound.
1:57 of 2nd period - Wrist shot by Jaden Schwartz.
1:57 of 2nd period - Shot Blocked by Steve Oleksy.
2:11 of 2nd period - Wrist shot by Wayne Primeau.
2:11 of 2nd period - Stopped by Jonas Gustavsson with a rebound.
2:13 of 2nd period - Snap shot by Wayne Primeau.
2:13 of 2nd period - Shot Blocked by Milan Jurcina.
2:15 of 2nd period - Wrist shot by Richard Park.
2:15 of 2nd period - Stopped by Jonas Gustavsson without a rebound.
2:16 of 2nd period - Patrice Cormier wins face-off versus Vernon Fiddler in Senators zone.
2:29 of 2nd period - Erik Karlsson is hit by Patrice Cormier.
2:43 of 2nd period - Milan Jurcina is hit by Jakub Kindl.
3:03 of 2nd period - Minor Penalty to Nick Bjugstad for Interference.
3:04 of 2nd period - Vernon Fiddler wins face-off versus Zach Boychuk in Senators zone.
3:16 of 2nd period - Snap shot by Enver Lisin.
3:16 of 2nd period - Stopped by Jonas Gustavsson without a rebound.
3:17 of 2nd period - Vernon Fiddler wins face-off versus Patrice Cormier in Senators zone.
3:23 of 2nd period - Icing by Matt Hunwick.
3:24 of 2nd period - Patrice Cormier wins face-off versus Vernon Fiddler in Blackdemons zone.
3:33 of 2nd period - Snap shot by Patrice Cormier.
3:33 of 2nd period - Shot Misses the Net.
3:37 of 2nd period - Snap shot by Enver Lisin.
3:37 of 2nd period - Stopped by Jonas Gustavsson without a rebound.
3:38 of 2nd period - Vernon Fiddler wins face-off versus Patrice Cormier in Senators zone.
3:45 of 2nd period - Snap shot by Enver Lisin.
3:45 of 2nd period - Shot Misses the Net.
3:47 of 2nd period - Backhand shot by Zach Boychuk.
3:47 of 2nd period - Shot Misses the Net.
3:49 of 2nd period - Snap shot by Patrice Cormier.
3:49 of 2nd period - Stopped by Jonas Gustavsson with a rebound.
3:51 of 2nd period - Wrist shot by Matt Hunwick.
3:51 of 2nd period - Shot Misses the Net.
3:53 of 2nd period - Snap shot by Zach Boychuk.
3:53 of 2nd period - Shot Blocked by Erik Karlsson.
4:15 of 2nd period - Slapshot by Barry Tallackson.
4:15 of 2nd period - Stopped by Jonas Gustavsson without a rebound.
4:16 of 2nd period - Cody Hodgson wins face-off versus Patrice Cormier in Senators zone.
4:27 of 2nd period - Snap shot by Enver Lisin.
4:27 of 2nd period - Deflect By Zach Boychuk.
4:27 of 2nd period - Stopped by Jonas Gustavsson with a rebound.
5:03 of 2nd period - Penalty to Nick Bjugstad is over, Nick Bjugstad is back on ice.
6:03 of 2nd period - Icing by Steve Oleksy.
6:04 of 2nd period - Patrice Cormier wins face-off versus Vernon Fiddler in Blackdemons zone.
6:04 of 2nd period - Patrice Cormier is hit by Stanislav Chistov.
6:18 of 2nd period - Wrist shot by Sergei Kostitsyn.
6:18 of 2nd period - Stopped by Chris Mason with a rebound.
6:33 of 2nd period - Wrist shot by Jaden Schwartz.
6:33 of 2nd period - Goal by Jaden Schwartz - Senators : 1 - Blackdemons : 3.
6:34 of 2nd period - Vernon Fiddler wins face-off versus Patrice Cormier in neutral zone.
7:28 of 2nd period - Snap shot by Logan Stephenson.
7:28 of 2nd period - Shot Blocked by Andrew MacDonald.
7:51 of 2nd period - Wrist shot by Mathieu Dandenault.
7:51 of 2nd period - Shot Blocked by Jack Skille.
7:57 of 2nd period - Shane Sims is hit by Ben Maxwell and loses puck.
9:07 of 2nd period - Zach Boychuk is hit by Vernon Fiddler and loses puck.
9:30 of 2nd period - Snap shot by Gabriel Bourque.
9:30 of 2nd period - Shot Misses the Net.
9:32 of 2nd period - Snap shot by Gabriel Bourque.
9:32 of 2nd period - Stopped by Chris Mason without a rebound.
9:33 of 2nd period - Cody Hodgson wins face-off versus Shawn Matthias in Blackdemons zone.
10:03 of 2nd period - Snap shot by Jack Skille.
10:03 of 2nd period - Shot Misses the Net.
10:15 of 2nd period - Backhand shot by Zach Boychuk.
10:15 of 2nd period - Stopped by Jonas Gustavsson without a rebound.
10:16 of 2nd period - Sergei Kostitsyn wins face-off versus Patrice Cormier in Senators zone.
10:51 of 2nd period - Backhand shot by Matt Hunwick.
10:51 of 2nd period - Stopped by Jonas Gustavsson without a rebound.
10:52 of 2nd period - Vernon Fiddler wins face-off versus Enver Lisin in Senators zone.
11:44 of 2nd period - Jack Skille is hit by Mathieu Dandenault and loses puck.
11:49 of 2nd period - Wrist shot by Mathieu Dandenault.
11:49 of 2nd period - Stopped by Jonas Gustavsson with a rebound.
11:51 of 2nd period - Slapshot by Matt Hunwick.
11:51 of 2nd period - Stopped by Jonas Gustavsson without a rebound.
11:52 of 2nd period - Patrice Cormier wins face-off versus Vernon Fiddler in Senators zone.
11:56 of 2nd period - Minor Penalty to Stanislav Chistov for Tripping.
11:57 of 2nd period - Patrice Cormier wins face-off versus Vernon Fiddler in Senators zone.
12:03 of 2nd period - Wrist shot by Zach Boychuk.
12:03 of 2nd period - Goal by Zach Boychuk - Senators : 1 - Blackdemons : 4.
12:04 of 2nd period - Patrice Cormier wins face-off versus Vernon Fiddler in neutral zone.
12:15 of 2nd period - Snap shot by Vernon Fiddler.
12:15 of 2nd period - Shot Blocked by Calvin de Haan.
12:54 of 2nd period - Michael Haley is hit by Jack Skille and loses puck.
14:11 of 2nd period - Snap shot by Jack Skille.
14:11 of 2nd period - Stopped by Chris Mason without a rebound.
14:11 of 2nd period - Double Minor Penalty to Chris Mason for Slashing.
14:12 of 2nd period - Wayne Primeau wins face-off versus Vernon Fiddler in Blackdemons zone.
14:28 of 2nd period - Snap shot by Vernon Fiddler.
14:28 of 2nd period - Deflect By Richard Park.
14:28 of 2nd period - Stopped by Chris Mason without a rebound.
14:29 of 2nd period - Wayne Primeau wins face-off versus Cody Hodgson in Blackdemons zone.
15:01 of 2nd period - Richard Park is hit by Vernon Fiddler and loses puck.
15:06 of 2nd period - Snap shot by Stanislav Chistov.
15:06 of 2nd period - Stopped by Chris Mason with a rebound.
16:50 of 2nd period - Icing by Shane Sims.
16:51 of 2nd period - Cody Hodgson wins face-off versus Ben Maxwell in Senators zone.
17:36 of 2nd period - Sergei Kostitsyn is hit by Jakub Kindl.
18:11 of 2nd period - Penalty to Enver Lisin is over, Enver Lisin is back on ice.
18:59 of 2nd period - Gabriel Bourque is hit by Mathieu Dandenault and loses puck.
19:57 of 2nd period - Steven Goertzen is hit by Patrice Cormier.
Goals for this period are 1 for Senators vs 1 for Blackdemons.
Shots for this period are 7 for Senators vs 12 for Blackdemons.
3rd period
0:01 of 3rd period - Patrice Cormier wins face-off versus Vernon Fiddler in neutral zone.
0:04 of 3rd period - Wrist shot by Zach Boychuk.
0:04 of 3rd period - Shot Misses the Net.
0:06 of 3rd period - Snap shot by Jakub Kindl.
0:06 of 3rd period - Stopped by Jonas Gustavsson with a rebound.
0:08 of 3rd period - Backhand shot by Enver Lisin.
0:08 of 3rd period - Stopped by Jonas Gustavsson with a rebound.
0:10 of 3rd period - Slapshot by Jakub Kindl.
0:10 of 3rd period - Stopped by Jonas Gustavsson without a rebound.
0:11 of 3rd period - Vernon Fiddler wins face-off versus Zach Boychuk in Senators zone.
0:16 of 3rd period - Off-side.
0:17 of 3rd period - Vernon Fiddler wins face-off versus Patrice Cormier in neutral zone.
0:44 of 3rd period - Snap shot by Steven Goertzen.
0:44 of 3rd period - Stopped by Chris Mason without a rebound.
0:45 of 3rd period - Shawn Matthias wins face-off versus Cody Hodgson in Blackdemons zone.
0:45 of 3rd period - Shawn Matthias is hit by Jack Skille.
1:03 of 3rd period - Slapshot by Cody Hodgson.
1:03 of 3rd period - Shot Misses the Net.
1:20 of 3rd period - Snap shot by Steven Goertzen.
1:20 of 3rd period - Shot Blocked by Jakub Kindl.
1:22 of 3rd period - Slapshot by Shane Sims.
1:22 of 3rd period - Shot Blocked by Calvin de Haan.
1:24 of 3rd period - Slapshot by Jack Skille.
1:24 of 3rd period - Shot Misses the Net.
1:44 of 3rd period - Snap shot by Barry Tallackson.
1:44 of 3rd period - Goal by Barry Tallackson - Senators : 1 - Blackdemons : 5.
1:45 of 3rd period - Patrice Cormier wins face-off versus Vernon Fiddler in neutral zone.
2:15 of 3rd period - Backhand shot by Richard Park.
2:15 of 3rd period - Shot Hit the Post.
2:19 of 3rd period - Backhand shot by Wayne Primeau.
2:19 of 3rd period - Shot Misses the Net.
2:21 of 3rd period - Backhand shot by Richard Park.
2:21 of 3rd period - Stopped by Jonas Gustavsson with a rebound.
2:26 of 3rd period - Icing by Martin Marincin.
2:27 of 3rd period - Shawn Matthias wins face-off versus Nick Bjugstad in Senators zone.
2:34 of 3rd period - Matt Frattin is hit by Eric Wellwood and loses puck.
2:40 of 3rd period - Icing by Martin Marincin.
2:41 of 3rd period - Nick Bjugstad wins face-off versus Patrice Cormier in Senators zone.
2:49 of 3rd period - Wrist shot by Jaden Schwartz.
2:49 of 3rd period - Shot Blocked by Zach Boychuk.
2:51 of 3rd period - Slapshot by Nicolas Deslauriers.
2:51 of 3rd period - Shot Blocked by Patrice Cormier.
2:53 of 3rd period - Slapshot by Matt Frattin.
2:53 of 3rd period - Shot Blocked by Patrice Cormier.
2:55 of 3rd period - Slapshot by Martin Marincin.
2:55 of 3rd period - Shot Misses the Net.
2:57 of 3rd period - Slapshot by Martin Marincin.
2:57 of 3rd period - Shot Misses the Net.
2:59 of 3rd period - Slapshot by Matt Frattin.
2:59 of 3rd period - Shot Misses the Net.
3:01 of 3rd period - Wrist shot by Nicolas Deslauriers.
3:01 of 3rd period - Stopped by Chris Mason without a rebound.
3:02 of 3rd period - Shawn Matthias wins face-off versus Vernon Fiddler in Blackdemons zone.
3:58 of 3rd period - Snap shot by Steven Goertzen.
3:58 of 3rd period - Shot Misses the Net.
4:14 of 3rd period - Wrist shot by Ben Maxwell.
4:14 of 3rd period - Deflect By Mathieu Dandenault.
4:14 of 3rd period - Stopped by Jonas Gustavsson with a rebound.
5:00 of 3rd period - Snap shot by Enver Lisin.
5:00 of 3rd period - Stopped by Jonas Gustavsson without a rebound.
5:01 of 3rd period - Wayne Primeau wins face-off versus Vernon Fiddler in Senators zone.
5:06 of 3rd period - Snap shot by Richard Park.
5:06 of 3rd period - Stopped by Jonas Gustavsson with a rebound.
5:12 of 3rd period - Snap shot by Wayne Primeau.
5:12 of 3rd period - Goal by Wayne Primeau - Senators : 1 - Blackdemons : 6.
5:13 of 3rd period - Stanislav Chistov wins face-off versus Zach Boychuk in neutral zone.
5:13 of 3rd period - Erik Karlsson is hit by Jakub Kindl and loses puck.
5:30 of 3rd period - Minor Penalty to Zach Boychuk for Tripping.
5:31 of 3rd period - Wayne Primeau wins face-off versus Vernon Fiddler in Blackdemons zone.
5:41 of 3rd period - Snap shot by Erik Karlsson.
5:41 of 3rd period - Goal by Erik Karlsson - Senators : 2 - Blackdemons : 6.
5:42 of 3rd period - Vernon Fiddler wins face-off versus Patrice Cormier in neutral zone.
6:21 of 3rd period - Snap shot by Steven Goertzen.
6:21 of 3rd period - Deflect By Cody Hodgson.
6:21 of 3rd period - Shot Blocked by Shawn Matthias.
6:21 of 3rd period - Puck is out of play.
6:22 of 3rd period - Wayne Primeau wins face-off versus Mark Olver in Blackdemons zone.
6:22 of 3rd period - Wayne Primeau is hit by Mark Olver.
6:28 of 3rd period - Mark Olver is hit by Wayne Primeau and loses puck.
6:49 of 3rd period - Matt Hunwick is hit by Stanislav Chistov and loses puck.
6:54 of 3rd period - Snap shot by Vernon Fiddler.
6:54 of 3rd period - Shot Misses the Net.
6:56 of 3rd period - Slapshot by Shane Sims.
6:56 of 3rd period - Shot Hit the Post.
6:58 of 3rd period - Snap shot by Stanislav Chistov.
6:58 of 3rd period - Goal by Stanislav Chistov - Senators : 3 - Blackdemons : 6.
6:59 of 3rd period - Zach Boychuk wins face-off versus Vernon Fiddler in neutral zone.
7:06 of 3rd period - Slapshot by Enver Lisin.
7:06 of 3rd period - Shot Misses the Net.
7:10 of 3rd period - Wrist shot by Enver Lisin.
7:10 of 3rd period - Deflect By Zach Boychuk.
7:10 of 3rd period - Stopped by Jonas Gustavsson without a rebound.
7:11 of 3rd period - Patrice Cormier wins face-off versus Vernon Fiddler in Senators zone.
8:06 of 3rd period - Snap shot by Vernon Fiddler.
8:06 of 3rd period - Goal by Vernon Fiddler - Senators : 4 - Blackdemons : 6.
8:07 of 3rd period - Cody Hodgson wins face-off versus Patrice Cormier in neutral zone.
10:26 of 3rd period - Jakub Kindl is hit by Jack Skille and loses puck.
11:29 of 3rd period - Snap shot by Wayne Primeau.
11:29 of 3rd period - Stopped by Jonas Gustavsson with a rebound.
11:39 of 3rd period - Shane Sims is hit by Enver Lisin and loses puck.
12:28 of 3rd period - Minor Penalty to Michael Haley for Hooking.
12:29 of 3rd period - Vernon Fiddler wins face-off versus Wayne Primeau in Blackdemons zone.
13:21 of 3rd period - Wrist shot by Steven Goertzen.
13:21 of 3rd period - Shot Hit the Post.
13:37 of 3rd period - Andrew MacDonald is hit by Steven Goertzen and loses puck.
14:28 of 3rd period - Penalty to Michael Haley is over, Michael Haley is back on ice.
14:56 of 3rd period - Calvin de Haan is hit by Gabriel Bourque and loses puck.
15:41 of 3rd period - Milan Jurcina is hit by Shawn Matthias and loses puck.
16:25 of 3rd period - Icing by Barry Tallackson.
16:26 of 3rd period - Jack Skille wins face-off versus Wayne Primeau in Blackdemons zone.
16:36 of 3rd period - Off-side.
16:37 of 3rd period - Michael Haley wins face-off versus Vernon Fiddler in neutral zone.
17:01 of 3rd period - Nicolas Deslauriers is hit by Jakub Kindl and loses puck.
17:06 of 3rd period - Snap shot by Zach Boychuk.
17:06 of 3rd period - Stopped by Jonas Gustavsson without a rebound.
17:07 of 3rd period - Wayne Primeau wins face-off versus Steven Goertzen in Senators zone.
17:14 of 3rd period - Slapshot by Richard Park.
17:14 of 3rd period - Goal by Richard Park - Senators : 4 - Blackdemons : 7.
17:15 of 3rd period - Patrice Cormier wins face-off versus Sergei Kostitsyn in neutral zone.
17:18 of 3rd period - Wrist shot by Zach Boychuk.
17:18 of 3rd period - Stopped by Jonas Gustavsson without a rebound.
17:19 of 3rd period - Patrice Cormier wins face-off versus Vernon Fiddler in Senators zone.
17:55 of 3rd period - Slapshot by Zach Boychuk.
17:55 of 3rd period - Stopped by Jonas Gustavsson with a rebound.
17:57 of 3rd period - Slapshot by Jeffrey Foss.
17:57 of 3rd period - Deflect By Milan Jurcina.
17:57 of 3rd period - Stopped by Jonas Gustavsson with a rebound.
17:59 of 3rd period - Slapshot by Steve Oleksy.
17:59 of 3rd period - Shot Blocked by Milan Jurcina.
19:18 of 3rd period - Minor Penalty to Enver Lisin for Roughing.
19:19 of 3rd period - Wayne Primeau wins face-off versus Cody Hodgson in Blackdemons zone.
Goals for this period are 3 for Senators vs 3 for Blackdemons.
Shots for this period are 5 for Senators vs 16 for Blackdemons.
Output by the SimonT Hockey Simulator (STHS) for François Prévost -- Original Page W3C XHTML 1.0 Valid